[Event "Stay Safe Play From Home 173"]
[Site "T#646330Emanuel Laske"]
[Date "2020.05.25"]
[Round "1"]
[White "Justwatch"]
[Black "SecantFX"]
[Result "0-1"]
[WhiteElo "1722"]
[BlackElo "1887"]
[Annotator "NA RC"]
[PlyCount "42"]
[EventDate "2020.05.25"]
[EventType "swiss (blitz)"]
[TimeControl "60"]

1. e4 b6 2. Nf3 Bb7 3. Nc3 c5 4. Bc4 Nc6 5. Bxf7+ Kxf7 6. Ng5+ Ke8 7. Qh5+ g6 8. Qf3 Nf6 9. e5 Nxe5 10. Qf4 d6 11. O-O Bg7 12. Ne6 Qd7 13. Nxg7+ Kf7 14. Nf5 gxf5 15. d3 e6 16. Bd2 Rhg8 17. Rae1 Rxg2+ 18. Kh1 Rg4+ 19. f3 Rxf4 20. Bxf4 Nxf3 21. Rxf3 Bxf3+ {[%emt 0:00:01] Justwatch terk eder (Lag: Av=0.31s, max=0.5s)} 0-1